[Event "Rohde op 09th"]
[Site "Sautron"]
[Date "2009.10.25"]
[Round "2"]
[White "Gharamian, Tigran"]
[Black "Colovic, Aleksandar"]
[Result "0-1"]
[ECO "B82"]
[WhiteElo "2611"]
[BlackElo "2441"]
[Annotator "Primel,D"]
[PlyCount "60"]
[EventDate "2009.10.24"]
[EventType "swiss"]
[EventRounds "9"]
[EventCountry "FRA"]
[SourceTitle "EXT 2010"]
[Source "ChessBase"]
[SourceDate "2010.11.25"]
[SourceVersion "1"]
[SourceVersionDate "2010.11.25"]
[SourceQuality "1"]
[TimeControl "40/6000+30:1800+30"]

1. e4 c5 2. Nf3 d6 3. d4 cxd4 4. Nxd4 Nf6 5. Nc3 a6 6. Be3 e6 7. f4 {03} b5 8.
e5 {13mns une ligne secondaire qui est un peu douteuse et beaucoup moins jouée
que Qf3 et il n'est pas certain que les compensations du P sacrifié, soient
suffisantes pour les blancs} (8. Qf3 $142) (8. Bd3) 8... dxe5 9. fxe5 Nd5 10.
Nxd5 {15} Qxd5 11. Be2 {[%cal Ge2f3,Gf3a8] 25mns de réflexion sur ce coup} Qxe5
{[%cal Ge5e3] Les blancs obtiennent une forte avance de développement pour le
gambit mais il n'y a pas de réelles menaces} (11... Bb7 $5 12. Qd2
{Gipslis,A (2505)-Georgiev,K (2595) Wch blitz Saint John 1988 (1) 0-1}) 12. Qd2 Bb7 13. Bf4 (13. O-O-O Bc5 $132 ) 13... Qc5 14.
O-O-O {42} Be7 15. Nb3 Qc8 16. Na5 (16. Bd6 Qd8 17.
Qb4 Bxd6 18. Rxd6 Qg5+ 19. Rd2 Qe7 20. Nc5 $13 {Gipslis,A (2535)
-Sigurjonsson,G (2530) IBM Amsterdam 1976 (9) 1/2}) 16... Bd5 (16... Be4 $5 17.
Bf3) 17. Bf3 $146 {Trés lent et un peu douteux même si le Bd5 est un bon
défenseur du camp noir.} (17. Qe3 Nc6 18. Bg4 Nxa5 19. Rxd5 Qc4 20. Re5 Qxa2
21. Bxe6 fxe6 22. Rxe6 Qa1+ 23. Kd2 Nc4+ 24. Ke2 Nxe3 25. Rxa1 Nxc2 26. Rd1 Kf7
27. Re4 Rhd8 {0-1 Van der Weide,P (2320)-Malich,B (2450)/Amsterdam 1971/MCD})
17... Bxf3 18. gxf3 Nc6 $1 19. Nxc6 Qxc6 $17 20. Qg2 Rc8 (20... Bf6 ) 21. Kb1 g6 (21... Bf6) 22. h4 h5 $1 23. Be5 O-O $1 {La
structure blanche en lambeaux ne permet pas une attaque а l'aile-roi} 24. Rd2
Rfd8 $40 25. Rxd8+ Rxd8 26. a3 Rd5 27. Qe2 Bd6 28. Bc3 $2 Bxa3 $1 $19 29. Qe4
Bf8 30. Rg1 Bg7 {Une 1ère surprise dans ce tournoi avec la chute d'un des
favoris.} 0-1